 Dungeon Crawl Stone Soup version 0.18-a0-1285-g60d00e1 (webtiles) character file.

3845 M4edhros the Covert (level 10, -8/58 HPs)
             Began as an Octopode Artificer on Feb 8, 2016.
             Mangled by an ancient zyme (16 damage)
             ... on level 2 of the Abyss.
             The game lasted 00:32:18 (33663 turns).

M4edhros the Covert (Octopode Artificer)           Turns: 33663, Time: 00:32:18

Health: -8/58      AC:  1    Str:  8      XL:     10   Next: 18%
Magic:  17/17      EV: 16    Int: 15      God:    Xom [.....*]
Gold:   420        SH:  9    Dex: 13 (14) Spells: 1 memorised, 7 levels left

rFire  . . .     SeeInvis .     p - +1 dagger (drain)
rCold  . . .     Gourm    .     s - +0 shield
rNeg   . . .     Faith    .     (helmet restricted)
rPois  .         Spirit   .     (no amulet)
rElec  .         Dismiss  .     B - ring of resist corrosion
rCorr  +         Reflect  .     (no ring)
SustAt .         Harm     .     (no ring)
MR     .....                    (no ring)
Stlth  +++++++...               (no ring)
                                (no ring)
                                (no ring)
                                (no ring)

@: non-regenerating, diseased, drained, not resistant to hostile enchantments,
extremely stealthy
A: almost no armour, amphibious, 8 rings, constrict 8, antennae 1, beak,
tentacle spike 1, repulsion field 1, camouflage 2, dopey 1, high mp 2, screaming
1, weak 1, gelatinous body 1
a: Renounce Religion


You were on level 2 of the Abyss.
You worshipped Xom.
You were Xom's teddy bear.
You were near starving.

You visited 2 branches of the dungeon, and saw 8 of its levels.
You visited the Abyss 1 time.
You also visited: Sewer.

You collected 420 gold pieces.

Inventory:

Hand Weapons
 p - a +1 dagger of draining (weapon)
 r - the +3 hunting sling of Discomfort {speed, rF++ Stlth+}
   (You found it on level 4 of the Dungeon)

   Attacks with this weapon are significantly faster.
   It greatly protects you from fire.
   It makes you more stealthy.
 A - a +2 trident of piercing
Missiles
 a - 264 stones (quivered)
 g - 19 sling bullets
 j - 12 sling bullets of flame
 u - 6 needles of slowing
 D - 13 exploding sling bullets
Armour
 s - a +0 shield (worn)
 G - a +2 buckler
Jewellery
 B - a ring of resist corrosion (left tentacle)
Wands
 b - a wand of flame (1/48)
 c - a wand of enslavement (4/24)
 d - a wand of random effects (31/48)
 C - a wand of enslavement (1/24)
Scrolls
 e - 2 scrolls of identify
 l - 4 scrolls of remove curse
 m - 3 scrolls of random uselessness
 o - 4 scrolls of enchant armour
 y - a scroll of torment {unknown}
Potions
 i - 2 potions of magic {unknown}
 k - 6 potions of brilliance
 x - 2 potions of berserk rage {unknown}
 z - 2 potions of flight {unknown}
Books
 q - a book of Debilitation

   Spells                             Type                      Level
   a - Corona                         Hexes                        1
   b - Slow                           Hexes                        2
   c - Gell's Gravitas                Hexes/Translocation          3
   d - Inner Flame                    Hexes/Fire                   3
   e - Cause Fear                     Hexes                        4
   f - Leda's Liquefaction            Hexes/Earth                  4
 w - a book of Burglary

   Spells                             Type                      Level
   a - Swiftness                      Charms/Air                   2
   b - Passwall                       Transmutation/Earth          2
   c - Passage of Golubria            Translocation                4
   d - Lee's Rapid Deconstruction     Earth                        5
   e - Darkness                       Hexes                        6
   f - Invisibility                   Hexes                        6
Miscellaneous
 h - a box of beasts {used: 6}
 F - a phial of floods (inert)
Comestibles
 f - 7 bread rations
 n - 2 fruits
 E - 2 meat rations


   Skills:
 - Level 1.0(0.7) Fighting
 - Level 1.0(0.7) Short Blades
 * Level 4.6(4.3) Slings
 * Level 7.6(7.3) Dodging
 * Level 10.6(10.3) Stealth
 * Level 6.7(6.4) Shields
 + Level 6.6(6.3) Evocations


You had 7 spell levels left.
You knew the following spells:

 Your Spells              Type           Power        Failure   Level  Hunger
a - Swiftness             Chrm/Air       #.......     94%         2    ###....


Dungeon Overview and Level Annotations

Branches:
Dungeon (7/15)             Temple (1/1) D:4

Altars:
Ashenzari
Cheibriados
Dithmenos
Elyvilon
Fedhas
Gozag
Kikubaaqudgha
Makhleb
Nemelex Xobeh
Okawaru
Pakellas
Qazlal
Ru
Sif Muna
Trog
Vehumet
Xom
Yredelemnul
Zin
The Shining One

Shops:
D:5 [

Annotations:
D:4 MDvedh's ghost, novice FoGl
D:5 exclusion: statue


Innate Abilities, Weirdness & Mutations

You cannot wear most types of armour.
You are amphibious.
You can wear up to eight rings at the same time.
You can use your tentacles to constrict eight enemies at once.
Your skin blends seamlessly with your surroundings (Stealth).
Your rubbery body absorbs attacks (AC +1).
You have a pair of small antennae on your head.
You have a beak for a mouth.
One of your tentacles bears a spike.
You are surrounded by a mild repulsion field (EV +2).
You are dopey. (Int -2)
You have a considerably increased reservoir of magic (+20% MP).
You occasionally shout uncontrollably at your foes.
You are weak. (Str -2)


Message History

Evoke which item? (* to show all) (? for menu, Esc to quit)
Zapping:
b - a wand of flame (2/48)
Press: ? - help, Shift-Dir - straight line, f/p - ancient zyme
Aim: an ancient zyme (severely damaged)
The puff of flame hits the ancient zyme.
The ancient zyme is severely damaged.
This wand has 1 charge left.
The ancient zyme hits you!
* * * LOW HITPOINT WARNING * * *
You block the ancient zyme's attack.
Evoke which item? (* to show all) (? for menu, Esc to quit)
Okay, then.
Drink which item? (? for menu, Esc to quit)
You feel better. The ancient zyme hits you!
* * * LOW HITPOINT WARNING * * *
The ancient zyme barely misses you.
You feel ill.
Evoke which item? (* to show all) (? for menu, Esc to quit)
You open the lid... ...and a larval firebat beast flies out!
The ancient zyme hits you!
You die...

........#### ###
.....#.#...#....
##.# .#....x§# #
#.#......§#
#....##.##.# #
..##.## .. # # .
##.## ## ##x##
.. #H@# . #### #


You could see an ancient zyme and a friendly larval firebat beast.

Vanquished Creatures
  Grinder (D:3)
  Prince Ribbit (D:6)
  A water moccasin (D:7)
  Duvessa (D:5)
  An orc warrior (D:7)
  A black bear (D:6)
  A wasp (D:7)
  2 centaurs
  An ice beast (D:6)
  A sky beast (D:6)
  An eye of draining (D:7)
  2 ogres (D:7)
  2 big kobolds
  2 giant frogs
  A wyvern zombie (D:7)
  3 scorpions
  3 killer bees (D:7)
  A wight (D:5)
  4 crimson imps
  A quasit (Abyss:2)
  3 hounds
  3 jellies
  2 giant frog skeletons
  An orc priest (D:6)
  3 orc wizards
  5 worker ants
  3 iguanas (D:6)
  3 hound skeletons
  4 gnolls
  A river rat (Sewer)
  13 adders
  3 shadow imps
  2 oozes
  An adder zombie (D:6)
  3 worms
  A worm (shapeshifter) (D:7)
  4 giant geckos
  21 orcs
  5 ball pythons
  9 giant cockroaches
  13 goblins
  6 hobgoblins
  12 jackals
  9 quokkas
  9 bats
  A giant gecko skeleton (D:5)
  A giant gecko zombie (D:5)
  4 giant newts
  2 jackal skeletons
  16 kobolds
  A quokka skeleton (D:4)
  20 rats
215 creatures vanquished.

Vanquished Creatures (collateral kills)
  A centaur warrior (D:3)
  A hungry ghost (D:7)
  A phantom (D:6)
  A centaur (D:7)
  An orc (D:3)
  A giant cockroach (D:3)
  A hobgoblin (D:3)
  A bat (D:3)
8 creatures vanquished.

Vanquished Creatures (others)
  A ghoul (D:1)
  3 minotaurs (D:1)
  An octopode (D:1)
  A gargoyle (D:1)
  An ancient zyme (Abyss:2)
  A raiju (Abyss:2)
  A vampire (D:1)
  A human (D:1)
  A centaur (D:1)
  2 ogres (D:1)
  A killer bee (D:7)
  An orc (D:1)
  A goblin (D:3)
  3 starspawn tentacles (Abyss:2)
  101 starspawn tentacle segments (Abyss:2)
  5 tentacles (D:1)
  58 tentacle segments (D:1)
183 creatures vanquished.

Grand Total: 406 creatures vanquished

Notes
Turn   | Place    | Note
--------------------------------------------------------------
     0 | D:1      | M4edhros the Octopode Artificer began the quest for the Orb.
     0 | D:1      | Reached XP level 1. HP: 13/13 MP: 3/3
     0 | D:1      | Noticed a gargoyle
     0 | D:1      | Noticed a vampire
     0 | D:1      | Noticed an octopode
     0 | D:1      | Noticed an ogre
     0 | D:1      | Noticed an ogre
     0 | D:1      | Noticed a kraken
     0 | D:1      | Noticed a minotaur
     0 | D:1      | Noticed a minotaur
     0 | D:1      | Noticed a ghoul
     0 | D:1      | Noticed a human
     0 | D:1      | Noticed a centaur
     0 | D:1      | Noticed a minotaur
     3 | D:1      | Killed a centaur
     3 | D:1      | Killed an octopode
     5 | D:1      | Killed an ogre
     6 | D:1      | Killed a human
     8 | D:1      | Killed a minotaur
     8 | D:1      | Killed a vampire
     9 | D:1      | Killed a minotaur
    10 | D:1      | Killed an ogre
    10 | D:1      | Killed a minotaur
    11 | D:1      | Killed a gargoyle
    13 | D:1      | Killed a ghoul
    86 | D:1      | Reached XP level 2. HP: 16/18 MP: 4/4
   264 | D:2      | Reached XP level 3. HP: 23/23 MP: 5/5
   357 | D:2      | Found a blossoming altar of Fedhas.
   427 | D:2      | Found a shattered altar of Ashenzari.
   456 | D:2      | Found a sparkling altar of Nemelex Xobeh.
   547 | D:2      | Found an oddly glowing altar of Pakellas.
   917 | D:3      | Reached XP level 4. HP: 17/28 MP: 6/6
  1115 | D:3      | HP: 1/28 [adder (3)]
  1640 | D:4      | Found a staircase to the Ecumenical Temple.
  1651 | Temple   | Entered the Ecumenical Temple
  1830 | Temple   | Became a worshipper of Xom of Bone-Dry Humour
  1917 | D:4      | Got a slimy hunting sling
  1918 | D:4      | Identified the +3 hunting sling of Discomfort {speed, rF++ Stlth+} (You found it on level 4 of the Dungeon)
  1969 | D:4      | Reached skill level 4 in Stealth
  1973 | D:4      | Reached XP level 5. HP: 12/33 MP: 7/7
  2078 | D:4      | Paralysed by fainting for 5 turns
  2243 | D:4      | XOM: harmless Ice miscast
  2359 | D:4      | Reached skill level 5 in Stealth
  2523 | D:5      | Entered Level 5 of the Dungeon
  2587 | D:5      | Found a radiant altar of Vehumet.
  2587 | D:5      | Noticed a charred statue
  2634 | D:5      | Noticed Duvessa
  2634 | D:5      | Noticed Dowan
  2658 | D:5      | Reached XP level 6. HP: 38/38 MP: 9/9
  2703 | D:5      | Learned a level 2 spell: Swiftness
  2745 | D:5      | Found a glowing drain.
  2778 | Sewer    | Entered a sewer
  2834 | Sewer    | XOM: divination: magic mapping
  2882 | Sewer    | Reached skill level 6 in Stealth
  2882 | Sewer    | Reached skill level 1 in Shields
  2907 | Sewer    | Found a glowing silver altar of Zin.
  3040 | Sewer    | XOM: mild Necr miscast
  3683 | D:5      | XOM: god gift: 38 gold pieces
  3700 | D:5      | XOM: mild Summ miscast
  3772 | D:5      | XOM is BORED!
  3772 | D:5      | XOM: medium Chrm miscast
  3887 | D:5      | Killed Duvessa
  3887 | D:5      | Reached XP level 7. HP: 31/43 MP: 10/10
  3888 | D:5      | Noticed Dowan
  3888 | D:5      | Dowan changed into Dowan the centaur
  3890 | D:5      | Killed Dowan the centaur
  4202 | D:5      | XOM: give mutation
  4202 | D:5      | Gained mutation: You have a beak for a mouth. [Xom's grace]
  4897 | D:5      | XOM: cast spell 'Summon Butterflies'
  4898 | D:5      | Found Fauho's Armour Emporium.
  5971 | D:6      | Found a shadowy altar of Dithmenos.
  5990 | D:6      | Noticed Prince Ribbit
  5997 | D:6      | Killed Prince Ribbit
  5997 | D:6      | Reached skill level 5 in Dodging
  5997 | D:6      | Reached skill level 7 in Stealth
  6108 | D:6      | XOM: divination: detect items
  6222 | D:5      | XOM: god gift: runed war axe {god gift}
  6231 | D:5      | XOM: enchant monster (good)
  6235 | D:5      | Reached skill level 5 in Evocations
  6276 | D:5      | XOM: polymorph centaur -> gnoll
  6372 | D:5      | Reached XP level 8. HP: 29/48 MP: 11/11
  6372 | D:5      | XOM: god gift: 5 meat rations
  6444 | D:5      | XOM: cast spell 'Statue Form'
  6659 | D:6      | XOM: mild Divn miscast
  6674 | D:6      | Found a sacrificial altar of Ru.
  6753 | D:6      | XOM: confusion (+ monsters)
  6767 | D:6      | Reached skill level 8 in Stealth
  6951 | D:6      | XOM: mild Conj miscast
  6988 | D:6      | Reached skill level 1 in Slings
  7044 | D:6      | Noticed a moth of wrath
  7047 | D:6      | Found a bloodstained altar of Trog.
  7095 | D:6      | XOM: harmless Trmt miscast
  7097 | D:6      | Noticed a sea snake
  7097 | D:6      | a moth of wrath changed into a sea snake
  7097 | D:6      | XOM: polymorph moth of wrath -> sea snake
  7759 | D:6      | XOM: god gift: 12 sling bullets of flame
  7829 | D:6      | XOM: give mutations
  7829 | D:6      | Gained mutation: Your natural rate of healing is unusually fast. [Xom's grace]
  7829 | D:6      | Gained mutation: You are agile. (Dex +2) [Xom's grace]
  8231 | D:6      | XOM: 1-stop teleportation journey
  8317 | D:6      | XOM: god gift: 19 stones
  8417 | D:6      | XOM: confuse monster(s)
  8428 | D:6      | Gained mutation: One of your tentacles bears a spike. [mutagenic meat]
  8429 | D:6      | Gained mutation: You are dopey. (Int -2) [mutagenic meat]
  9081 | D:6      | XOM: noise
  9124 | D:6      | XOM: cast spell 'Statue Form'
  9607 | D:6      | XOM: god gift: wand of enslavement {god gift}
  9784 | D:6      | XOM: harmless Fire miscast
 10062 | D:6      | XOM: harmless Erth miscast
 11211 | D:7      | XOM is BORED!
 11211 | D:7      | XOM: mild Air miscast
 11234 | D:7      | Reached skill level 9 in Stealth
 11234 | D:7      | Reached XP level 9. HP: 53/53 MP: 1/13
 11399 | D:6      | XOM: colour smoke trail
 11415 | D:6      | XOM: god gift: 24 gold pieces
 11563 | D:6      | XOM: god gift: robe {god gift}
 11964 | D:6      | XOM: god gift: scroll labeled SUFUMYLOUH
 12196 | D:6      | XOM: give mutations
 12196 | D:6      | Lost mutation: You are agile. (Dex +2) [Xom's mischief]
 12196 | D:6      | Gained mutation: You occasionally shout uncontrollably at your foes. [Xom's mischief]
 12262 | D:7      | Reached skill level 5 in Shields
 12324 | D:7      | XOM: polymorph gnoll -> hound
 12327 | D:7      | XOM: smoke on damage
 12361 | D:7      | XOM: give mutation
 12361 | D:7      | Gained mutation: You are very dopey. (Int -4) [Xom's mischief]
 12369 | D:7      | XOM: 1-stop teleportation journey
 12549 | D:7      | XOM: enchant monster (good)
 12551 | D:7      | XOM: swap monsters
 12574 | D:6      | HP: 2/53 [poisoned by a wasp]
 12636 | D:6      | XOM: stat loss: -1 Int (12/13)
 12794 | D:6      | XOM: colour smoke trail
 13087 | D:6      | XOM: summons 4 hostile demons
 13264 | D:6      | Noticed a griffon
 13264 | D:6      | a sea snake changed into a griffon
 13264 | D:6      | XOM: polymorph sea snake -> griffon
 13288 | D:6      | XOM: summons friendly shadow imp
 13312 | D:6      | XOM: enchant monster (good)
 13325 | D:6      | XOM: summons 3 friendly demons
 13341 | D:6      | XOM: noise
 13358 | D:6      | XOM: enchant monster (bad)
 13366 | D:6      | XOM: enchant monster (good)
 13396 | D:6      | XOM: confusion
 13422 | D:6      | XOM: confusion (+ monsters)
 13426 | D:6      | XOM: summons friendly quasit
 13430 | D:6      | XOM: enchant monster (good)
 13443 | D:6      | XOM: enchant monster (bad)
 13488 | D:6      | XOM: potion effect (berserk rage)
 13504 | D:6      | XOM: enchant monster (good)
 13531 | D:6      | XOM: silly message
 14727 | D:6      | XOM: god gift: 12 stones
 14912 | D:6      | XOM: god gift: 13 exploding sling bullets
 14958 | D:6      | XOM: cast spell 'Ice Form'
 15420 | D:6      | Noticed a deep troll
 15429 | D:6      | XOM: polymorph griffon -> griffon
 15662 | D:6      | XOM: vitrification
 16219 | D:6      | Noticed a manticore
 16312 | D:6      | XOM: destruction
 17010 | D:3      | XOM: cast spell 'Spider Form'
 17256 | D:3      | Noticed Grinder
 17264 | D:3      | XOM: fog
 17266 | D:3      | XOM: fake destruction
 17276 | D:3      | Killed Grinder
 17569 | D:3      | XOM: give mutations
 17569 | D:3      | Gained mutation: Your muscles are strong. (Str +2) [Xom's grace]
 17569 | D:3      | Gained mutation: Your skin blends seamlessly with your surroundings (Stealth). [Xom's grace]
 17569 | D:3      | Gained mutation: You are partially covered in rugged brown scales (AC +1, +3% HP). [Xom's grace]
 17698 | D:3      | XOM: god gift: box of beasts
 17971 | D:3      | XOM: 2-stop teleportation journey
 18017 | D:3      | XOM: vitrification
 18081 | D:3      | XOM: give mutation
 18081 | D:3      | Gained mutation: You have an increased reservoir of magic (+10% MP). [Xom's grace]
 18223 | D:3      | XOM: 3-stop teleportation journey
 18598 | D:3      | XOM: scenery: 1 doors open
 18606 | D:3      | XOM: give mutations
 18606 | D:3      | Gained mutation: You have a considerably increased reservoir of magic (+20% MP). [Xom's grace]
 18606 | D:3      | Gained mutation: You have a pair of small antennae on your head. [Xom's grace]
 18606 | D:3      | Gained mutation: One of your tentacles bears a nasty spike. [Xom's grace]
 18818 | D:3      | XOM: vitrification
 18830 | D:3      | XOM: scenery: 1 doors open
 19200 | D:3      | XOM: vitrification
 19237 | D:3      | XOM: scenery: 1 doors close
 19435 | D:3      | XOM: god gift: shiny chain mail {god gift}
 19969 | D:3      | XOM: cast spell 'Ice Form'
 20446 | D:3      | Noticed a centaur warrior
 20622 | D:3      | Killed a centaur warrior
 20622 | D:3      | Reached skill level 10 in Stealth
 20759 | D:3      | XOM: scenery: 1 doors open
 20777 | D:3      | Noticed an eight-headed hydra
 20875 | D:3      | XOM: scenery: 1 doors close
 20922 | D:2      | XOM: harmless Tloc miscast
 20958 | D:2      | XOM: give mutation
 20958 | D:2      | Lost mutation: Your muscles are strong. (Str +2) [Xom's mischief]
 20971 | D:2      | XOM: harmless Ice miscast
 21029 | D:2      | XOM: colour smoke trail
 21322 | D:5      | XOM: stat loss: -1 Str (9/10)
 21357 | D:5      | XOM: medium Tloc miscast
 21619 | D:7      | XOM: potion effect (berserk rage)
 21624 | D:7      | XOM: divination: detect items
 21627 | D:7      | Reached XP level 10. HP: 59/59 MP: 17/17
 22650 | D:5      | XOM: medium Summ miscast
 22683 | D:5      | Noticed a stone giant
 23223 | D:5      | XOM: vitrification
 23417 | D:5      | Noticed a yaktaur captain
 23766 | D:4      | XOM: silly message
 23769 | D:4      | XOM: silly message
 23980 | D:4      | Noticed MDvedh's ghost (novice FoGl)
 24506 | D:3      | XOM: silly message
 24563 | D:3      | XOM: colour smoke trail
 24747 | D:3      | XOM: harmless Air miscast
 25087 | D:3      | XOM: colour smoke trail
 25817 | D:3      | Noticed a fire giant
 26825 | D:1      | XOM is BORED!
 26825 | D:1      | XOM: mild Hex miscast
 26976 | D:1      | XOM: harmless Erth miscast
 27361 | D:1      | XOM: medium Ice miscast
 27403 | D:1      | XOM: mild Summ miscast
 27808 | D:1      | XOM: colour smoke trail
 28393 | D:1      | XOM: colour smoke trail
 29160 | D:1      | XOM: noise
 29272 | D:3      | XOM: scenery: 2 doors close
 29521 | Temple   | XOM: harmless Pois miscast
 29604 | Temple   | XOM: harmless Air miscast
 30112 | Temple   | XOM is BORED!
 30112 | Temple   | XOM: medium Ice miscast
 30377 | Temple   | XOM: god gift: 6 needles of slowing
 30902 | Temple   | XOM: god gift: encrusted ivory ring {god gift}
 31108 | Temple   | XOM: god gift: scroll labeled XIUXZEX TIPUB
 31110 | Temple   | XOM: give mutations
 31110 | Temple   | Lost mutation: You are partially covered in rugged brown scales (AC +1, +3% HP). [Xom's mischief]
 31110 | Temple   | Lost mutation: One of your tentacles bears a nasty spike. [Xom's mischief]
 31110 | Temple   | Gained mutation: Scrolls take you a little longer to read. [Xom's mischief]
 31326 | Temple   | XOM: god gift: 3 meat rations
 31427 | Temple   | XOM: give mutations
 31427 | Temple   | Lost mutation: Scrolls take you a little longer to read. [Xom's mischief]
 31427 | Temple   | Gained mutation: You are surrounded by a mild repulsion field (EV +2). [Xom's mischief]
 31427 | Temple   | Lost mutation: Your natural rate of healing is unusually fast. [Xom's mischief]
 31427 | Temple   | Lost mutation: You are very dopey. (Int -4) [Xom's mischief]
 31754 | Temple   | XOM: harmless Summ miscast
 32016 | Temple   | XOM: give mutation
 32016 | Temple   | Gained mutation: You are weak. (Str -2) [Xom's mischief]
 32151 | Temple   | XOM: noise
 32153 | Temple   | XOM: harmless Erth miscast
 32234 | Temple   | XOM: silly message
 32680 | Temple   | XOM: mild Erth miscast
 32985 | Temple   | XOM: divination: detect creatures
 33088 | Temple   | XOM: mild Erth miscast
 33320 | Temple   | XOM: harmless Conj miscast
 33344 | Temple   | XOM: vitrification
 33395 | Temple   | XOM is BORED!
 33395 | Temple   | XOM: severe Summ miscast
 33395 | Temple   | Cast into level 2 of the Abyss (the severe capriciousness of Xom)
 33431 | Abyss:2  | XOM: destruction
 33434 | Abyss:2  | Noticed a tentacled starspawn
 33436 | Abyss:2  | XOM: swap monsters
 33447 | Abyss:2  | XOM: divine lightning (protected)
 33525 | Abyss:2  | XOM: torment (9/58 hp)
 33663 | Abyss:2  | Mangled by an ancient zyme

Vault maps used:
D:1:      nicolae_arrival_kraken_aquarium_a
D:2:      lemuel_round_altar, old_standard_altar, marbit_many_paths,
          lemuel_coloured_pillars_altar
D:3:      first_bread, serial_corexii_hall, corexii_hall_statues_x,
          corexii_hall_statues_deadend, minmay_misc_feat_more_columns,
          uniq_grinder
D:4:      minmay_temple_entry_crystal_x
D:5:      vehumet_statue, serial_shops, shop, portal_sewer_entry_d, uniq_duvessa
D:6:      nicolae_overflow_crystal_walls, nicolae_ru_great_annihilating_truth,
          tgw_trog, uniq_prince_ribbit1
D:7:      basic_altar, grunt_ogre_cave
Temple:   chambers_temple_12
Sewer:    sewer_kobolds

Action                   |  1- 3 |  4- 6 |  7- 9 | 10-12 || total
-------------------------+-------+-------+-------+-------++-------
Melee: Short sword       |    64 |    10 |       |       ||    74
       Dagger            |       |    59 |   289 |    70 ||   418
       War axe           |       |       |     9 |       ||     9
 Fire: Hunting sling     |       |       |   106 |       ||   106
Evoke: Wand              |       |    10 |    24 |     9 ||    43
       Box of beasts     |       |       |     4 |     2 ||     6
       Phial of floods   |       |       |       |     1 ||     1
  Use: Potion            |       |     2 |     2 |     5 ||     9
       Scroll            |       |       |     9 |     2 ||    11
 Stab: Sleeping          |    13 |    12 |    11 |     5 ||    41
       Confused          |       |       |     1 |       ||     1
       Paralysed         |       |       |     1 |       ||     1
       Distracted        |       |       |     2 |     1 ||     3
  Eat: Chunk             |       |     5 |    32 |     8 ||    45
       Fruit             |       |     1 |       |       ||     1
       Royal jelly       |       |     1 |       |     1 ||     2
       Bread ration      |       |       |     1 |     2 ||     3
       Meat ration       |       |       |     3 |     3 ||     6
       Beef jerky        |       |       |     6 |     1 ||     7
